 Dungeon Crawl Stone Soup version 0.29.0-13-gc9e81de378 (webtiles) character file.

Game seed: 5134992764904916738

3047 Thoth777 the Fighter (level 10, -6/85 HPs)
             Began as a Formicid Fighter on Sept 8, 2022.
             Was a Believer of Okawaru.
             Mangled by a nine-headed hydra (9 damage)
             ... on level 8 of the Dungeon.
             The game lasted 00:21:02 (8332 turns).

Thoth777 the Fighter (Formicid Fighter)             Turns: 8332, Time: 00:21:02

Health: -6/85      AC: 12    Str: 26    XL:     10   Next: 11%
Magic:  1/14       EV:  9    Int:  7    God:    Okawaru [**....]
Gold:   442        SH:  5    Dex: 13    Spells: 9/9 levels left

rFire   + . .      SeeInvis +   q - +7 hand axe "Cicw" {holy, +Blink rC+}
rCold   . . .      Faith    .   c - +0 buckler
rNeg    . . .      Spirit   .   b - +0 scale mail
rPois   +          Reflect  .   (helmet unavailable)
rElec   .          Harm     .   k - +1 cloak
rCorr   +          Rampage  .   (no gloves)
Will    +....                   h - +2 pair of boots
Stlth   ..........              D - amulet of regeneration
HPRegen 1.04/turn               p - ring of fire
MPRegen 0.14/turn               A - ring of resist corrosion

@: silenced
A: permanent stasis, dig shafts and tunnels, antennae 3, four strong arms,
talons 1, poison resistance
a: Dig, Shaft Self, Renounce Religion


You were on level 8 of the Dungeon.
You worshipped Okawaru.
Okawaru was pleased with you.
You visited 2 branches of the dungeon, and saw 9 of its levels.

You collected 442 gold pieces.

Inventory:

Hand Weapons
 a - a +0 war axe
 n - the +7 Throatcutter {drain, coup de grace}
   (You found it on level 7 of the Dungeon)

   A truly terrible weapon, it drains the life of any living foe it strikes.
   It may instantly kill foes which have little health.
 q - the +7 hand axe "Cicw" (weapon) {holy, +Blink rC+}
   (You found it on level 2 of the Dungeon)

   It has been blessed by the Shining One to cause great damage to the undead
   and demons.
   rC:        It protects you from cold.
   +Blink:    It lets you blink.
Missiles
 e - 2 throwing nets
Armour
 b - a +0 scale mail (worn)
 c - a +0 buckler (worn)
 h - a +2 pair of boots (worn)
 k - a +1 cloak (worn)
Jewellery
 p - a ring of fire (left hand)
 A - a ring of resist corrosion (right hand)
 D - an amulet of regeneration (around neck)
Wands
 v - a wand of digging (11)
 y - a wand of flame (8)
 E - a wand of paralysis (11)
Scrolls
 d - a scroll of noise {unknown}
 i - a scroll of amnesia {unknown}
 l - 2 scrolls of fear {unknown}
 t - 4 scrolls of fog {unknown}
 w - 2 scrolls of magic mapping {unknown}
 x - a scroll of immolation {unknown}
 F - a scroll of enchant weapon {unknown}
 G - a scroll of blinking {unknown}
Potions
 f - a potion of brilliance
 g - 4 potions of haste
 j - 2 potions of flight
 o - a potion of might
 r - 2 potions of berserk rage
 s - a potion of cancellation
 u - a potion of invisibility
 z - a potion of curing
 C - a potion of mutation


   Skills:
 * Level 10.3 Fighting
 * Level 9.1 Axes
 - Level 3.2 Armour
 - Level 4.0 Shields
 + Level 5.4 Invocations


You had 9 spell levels left.
You didn't know any spells.
Your spell library contained the following spells:

 Spells                   Type           Power      Damage    Failure   Level
 Stone Arrow              Conj/Erth      0%         3d7       98%         3
 Corpse Rot               Necr/Pois/Air  0%         N/A       100%        4
 Dispel Undead            Necr           0%         3d6       100%        4
 Borgnjor's Vile Clutch   Necr/Erth      0%         N/A       100%        5
 Lehudib's Crystal Spear  Conj/Erth      0%         10d2      100%        8
 Animate Armour           Summ/Erth      Unusable   N/A       N/A         4
 Animate Dead             Necr           Unusable   N/A       N/A         4
 Death Channel            Necr           Unusable   N/A       N/A         6

Dungeon Overview and Level Annotations

Branches:
Dungeon (8/15)             Temple (1/1) D:5            Lair (0/5) D:8

Altars:
Cheibriados
Dithmenos
Elyvilon
Fedhas
Gozag
Hepliaklqana
Kikubaaqudgha
Makhleb
Nemelex Xobeh
Okawaru
Qazlal
Ru
Sif Muna
Trog
Vehumet
Wu Jian
Yredelemnul
Zin

Shops:
D:4 :

Annotations:
D:8 Grum


Innate Abilities, Weirdness & Mutations

You cannot be hasted, slowed, berserked, paralysed or teleported.
You can dig through walls and to a lower floor.
You have a pair of large antennae on your head. (SInv)
Your four strong arms can wield two-handed weapons with a shield.
You have sharp toenails.
Your system is resistant to poisons. (rPois)


Message History

Grum is lightly wounded.
You miss the killer bee. The killer bee barely misses you.
You block the killer bee's attack. Grum hits you but does no damage.
You slash Grum!
Grum is moderately wounded.
You hit the killer bee. The killer bee completely misses you.
You slash Grum!
Grum is severely wounded.
You miss the killer bee. The killer bee closely misses you. Grum misses you.
The killer bee misses you.
You hit Grum.
Grum is severely wounded.
You hit the killer bee.
The killer bee stings you but does no damage.
You block the killer bee's attack.
Okay, then.
You hack one of the seven-headed hydra's heads off!
The six-headed hydra grows two more!
You hit the eight-headed hydra.
The eight-headed hydra is lightly wounded.
You slice one of the eight-headed hydra's heads off!
The seven-headed hydra grows two more!
You slash the nine-headed hydra!
The nine-headed hydra is lightly wounded.
The nine-headed hydra closely misses you.
The nine-headed hydra bites you.
The nine-headed hydra bites you but does no damage. x3
The nine-headed hydra bites you!
The nine-headed hydra barely misses you.
The nine-headed hydra bites you. The nine-headed hydra bites you!
You barely miss the nine-headed hydra.
The nine-headed hydra is lightly wounded.
The nine-headed hydra closely misses you.
The nine-headed hydra bites you. The nine-headed hydra bites you!
* * * LOW HITPOINT WARNING * * *
The nine-headed hydra bites you but does no damage.
The nine-headed hydra bites you!
* * * LOW HITPOINT WARNING * * *
The nine-headed hydra bites you!
* * * LOW HITPOINT WARNING * * *
The nine-headed hydra bites you!
You die...

.#.#
#.#................##.#
...#
#.#.#.......#########.#
.### ##...#.....## #.#
.# ##.###...## #.# .#
##### ##.## #.# .#
≈≈≈≈≈# #.# #.# .#
....§≈##.# #.# .#
.....≈{#.# ######.## .#
.....g{#@# #.......# .#
≈.≈.zhyD.#######.#####.#
.# ..≈..h§#.....†...#
#.## .#
.$§§§.≈#.....###.# #...
.# $§§§.≈≈#####.# #.#
##.## ## ≈≈≈.§≈# #.#
#.####..## ....≈≈ #.#
#.<.....## ...≈≈# #.#
####.#.... §§§§#
##.#######...##


You could see a nine-headed hydra, 2 wolves, a killer bee and a wight.

Vanquished Creatures
  Maurice (D:8)
  2 kobold demonologists (D:7)
  A shadow (D:6)
  The ghost of Urdicil the Chopper, an amateur MiBe of Trog (D:4)
  A water moccasin (D:7)
  An ice beast (D:7)
  A sky beast (D:7)
  A black bear (D:4)
  The ghost of brainsironically the Trooper, an amateur PaFi (D:3)
  A centaur (D:8)
  A phantom (D:5)
  A bullfrog (D:7)
  5 kobold brigands (D:7)
  3 necrophages
  2 scorpions
  A howler monkey (D:4)
  2 hounds
  2 orc priests (D:7)
  3 jellies
  4 iguanas
  4 orc wizards
  Terence (D:3)
  2 scorpion simulacra (D:3)
  4 adders
  A shadow imp (D:5)
  2 worms (D:2)
  An adder simulacrum (D:3)
  2 dart slugs
  17 orcs
  2 ball pythons
  4 bats
  7 endoplasms
  2 giant cockroaches
  7 hobgoblins
  4 quokkas
  6 frilled lizards
  9 goblins
  5 kobolds (D:1)
  A quokka simulacrum (D:3)
  6 rats
122 creatures vanquished.

Vanquished Creatures (others)
  An orc wizard (D:6)
  16 plants
17 creatures vanquished.

Grand Total: 139 creatures vanquished

Notes
Turn   | Place    | Note
-------+----------+-------------------------------------------
     0 | D:1      | Thoth777 the Formicid Fighter began the quest for the Orb.
     0 | D:1      | Reached XP level 1. HP: 18/18 MP: 1/1
   132 | D:1      | Reached XP level 2. HP: 24/24 MP: 2/2
   367 | D:1      | Reached XP level 3. HP: 27/30 MP: 3/3
   442 | D:1      | Reached skill level 4 in Fighting
  1026 | D:2      | Reached XP level 4. HP: 18/38 MP: 4/4
  1397 | D:2      | Identified the +7 hand axe "Cicw" {holy, +Blink rC+}
  1810 | D:2      | You fall into a shaft and drop 2 floors!
  1822 | D:4      | Found a blossoming altar of Fedhas.
  1822 | D:4      | Found a sacrificial altar of Ru.
  1823 | D:4      | Found a hazy altar of Hepliaklqana.
  1851 | D:4      | Found Noidyx's Book Boutique.
  1913 | D:4      | Reached XP level 5. HP: 42/43 MP: 5/5
  1918 | D:4      | Found an ornate altar of the Wu Jian Council.
  2074 | D:4      | Found a sparkling altar of Nemelex Xobeh.
  2074 | D:4      | Noticed a black bear
  2081 | D:4      | Killed a black bear
  2082 | D:4      | Reached skill level 5 in Fighting
  2082 | D:4      | Reached XP level 6. HP: 50/51 MP: 6/6
  2280 | D:4      | Found a runed translucent gate.
  2281 | D:4      | Found a runed translucent gate.
  2281 | D:4      | Noticed Urdicil's ghost (amateur MiBe)
  2282 | D:4      | Found a runed translucent gate.
  2962 | D:4      | Killed Urdicil's ghost
  2963 | D:4      | Reached skill level 6 in Fighting
  2963 | D:4      | Reached skill level 5 in Axes
  2963 | D:4      | Reached XP level 7. HP: 40/59 MP: 7/7
  3313 | D:5      | Entered Level 5 of the Dungeon
  3490 | D:5      | Found a stormy altar of Qazlal.
  3721 | D:5      | Reached skill level 7 in Fighting
  3798 | D:5      | Reached XP level 8. HP: 52/67 MP: 8/8
  3871 | D:5      | Found a staircase to the Ecumenical Temple.
  3877 | Temple   | Entered the Ecumenical Temple
  3904 | Temple   | Became a worshipper of Warmaster Okawaru
  4249 | D:6      | Found a white marble altar of Elyvilon.
  4392 | D:6      | Noticed a shadow
  4399 | D:6      | Killed a shadow
  4400 | D:6      | Reached skill level 1 in Invocations
  4467 | D:6      | Found a shimmering blue altar of Sif Muna.
  4819 | D:6      | Found a basalt altar of Yredelemnul.
  5543 | D:3      | Noticed Terence
  5549 | D:3      | Killed Terence
  5750 | D:3      | Noticed brainsironically's ghost (amateur PaFi)
  5786 | D:3      | Found a runed translucent gate.
  5786 | D:3      | Found a runed translucent gate.
  5786 | D:3      | Found a runed translucent gate.
  6370 | D:3      | Killed brainsironically's ghost
  6892 | D:7      | Reached skill level 8 in Fighting
  7310 | D:7      | Reached XP level 9. HP: 42/75 MP: 11/11
  7420 | D:7      | Reached * piety under Okawaru
  7516 | D:7      | Reached skill level 9 in Fighting
  7652 | D:7      | Found the +7 Throatcutter {drain, coup de grace}
  7652 | D:7      | Noticed a kobold demonologist
  7652 | D:7      | Noticed a kobold demonologist
  7662 | D:7      | Killed a kobold demonologist
  7664 | D:7      | Noticed a soul eater
  7665 | D:7      | Noticed a smoke demon
  7681 | D:7      | Gained mutation: Your system is resistant to poisons.
                  | (rPois) [potion of mutation]
  7681 | D:7      | Gained mutation: You have sharp toenails. [potion of
                  | mutation]
  7693 | D:7      | Killed a kobold demonologist
  7693 | D:7      | Reached ** piety under Okawaru
  7823 | D:8      | Found a staircase to the Lair.
  7996 | D:8      | Found a burning altar of Makhleb.
  8039 | D:8      | Noticed Maurice
  8051 | D:8      | Killed Maurice
  8052 | D:8      | Reached skill level 10 in Fighting
  8052 | D:8      | Reached skill level 5 in Invocations
  8052 | D:8      | Reached XP level 10. HP: 82/85 MP: 13/13
  8321 | D:8      | Noticed a seven-headed hydra
  8321 | D:8      | Noticed Grum
  8332 | D:8      | HP: 3/85 [nine-headed hydra (9)]
  8332 | D:8      | Mangled by a nine-headed hydra

Illustrated notes

Levels and vault maps discovered:
D:1:      nagdon_arrival_double_spiral, layout_loops_ring
D:2:      layout_basic, bh_walls_and_bars
D:3:      layout_loops_ring, gammafunk_ghost_icy, chequers_big_river,
          minmay_misc_feat_columns, uniq_terence
D:4:      wad_lake_hut, layout_loops_ring,
          mainiacjoe_overflow_concentric_impassable,
          gammafunk_temple_overflow_claw, nemelex_xobeh_ov_fountains_minmay,
          serial_shops, shop, ebering_ghost_rock_garden
D:5:      layout_loops_cross, nicolae_qazlal_eye_of_the_storm,
          minmay_temple_entry_drinking_statues
D:6:      layout_basic, tgw_sif, kennysheep_little_box, elyvilon_altar_1,
          serial_bayou_lagoon_a
D:7:      layout_gridville, dilly_guarded_unrand_throatcut
D:8:      layout_loops_ring, mainiacjoe_overflow_brackets, lair_entry_dummy,
          chequers_hall_statues_corner_a, kennysheep_potato, uniq_grum,
          uniq_maurice
Temple:   nicolae_temple_ecumenical_triangle

Skill      XL: |  1  2  3  4  5  6  7  8  9 |
---------------+----------------------------+-----
Fighting       | 4 5 6 7 8 10 | 10.3
Axes           | 3 4 5 6 7 9 |  9.1
Invocations    | 3 5 |  5.4
Armour         | |  3.2
Shields        | |  4.0

Action                   |  1- 3 |  4- 6 |  7- 9 | 10-12 || total
-------------------------+-------+-------+-------+-------++-------
Melee: War axe           |    86 |    26 |       |       ||   112
       Hand axe          |       |    47 |   224 |    16 ||   287
 Abil: Dig               |       |       |       |     1 ||     1
  Use: Scroll            |       |     3 |    11 |     1 ||    15
       Potion            |       |     2 |     8 |       ||    10
 Stab: Invisible         |       |       |     4 |       ||     4
Armor: Scale mail        |    36 |    25 |    77 |    15 ||   153
       Skin              |       |     4 |    14 |       ||    18
Dodge: Dodged            |    39 |    15 |    64 |    15 ||   133
Block: Buckler           |    19 |    12 |    37 |     3 ||    71
